 Dungeon Crawl Stone Soup version 0.28-a0-265-g048bc9fd10 (webtiles) character file.

Game seed: 11537439196148949231

6134 Shayle the Nimble (level 11, -3/81 HPs)
             Began as a Djinni Warper on Aug 27, 2021.
             Was a Believer of Makhleb.
             Slain by Erica (14 damage)
             ... on level 8 of the Dungeon on Aug 28, 2021.
             The game lasted 00:33:05 (14855 turns).

Shayle the Nimble (Djinni Warper)                  Turns: 14855, Time: 00:33:05

Health: -3/81      AC:  6    Str: 10    XL:     11   Next: 13%
Gold:   734        EV: 15    Int: 20    God:    Makhleb [**....] SH:  0 Dex: 14

rFire   + + .      SeeInvis .     - Unarmed
rCold   x . .      Faith    .   (shield currently unavailable)
rNeg    + . .      Spirit   .   a - +1 leather armour
rPois   ∞          Reflect  .   g - +1 helmet {Int+3}
rElec   .          Harm     .   (no cloak)
rCorr   +          Rampage  .   (gloves currently unavailable)
Will    +....      Rnd*Rage +   (boots unavailable)
Stlth   +.........              (no amulet)
HPRegen 0.23/turn               v - ring of resist corrosion
MPRegen 0.00/turn               j - ring of positive energy

@: blade hands (expiring), flying, slightly contaminated
A: flying, sickness immunity, fire resistance 2, cold vulnerability 1, float,
innate caster, hp casting, extra vitality 1, berserk 1
a: End Transformation, Renounce Religion, Minor Destruction


You were on level 8 of the Dungeon.
You worshipped Makhleb.
Makhleb was pleased with you.
You had blades for hands.
You visited 2 branches of the dungeon, and saw 9 of its levels.

You collected 734 gold pieces.

Inventory:

Hand Weapons
 i - a +1 dagger of speed
 x - the +3 whip of Disgust (melded) {venom, rF- rCorr Str+2 Int+2}
   (You found it on level 4 of the Dungeon)

   It poisons the flesh of those it strikes.
   Str:       It affects your strength (+2).
   Int:       It affects your intelligence (+2).
   rF:        It makes you vulnerable to fire.
   rCorr:     It protects you from acid and corrosion.
 y - a +2 short sword of draining
 A - a +3 quick blade
Missiles
 c - 5 boomerangs of dispersal (quivered)
 o - 6 boomerangs
 C - 4 throwing nets
Armour
 a - a +1 leather armour (worn)
 b - a +0 leather armour of fire resistance
 g - a +1 helmet of intelligence (worn)
 p - a +2 hat
Jewellery
 j - a ring of positive energy (right blade hand)
 k - an amulet of faith
 m - a ring of protection from cold
 v - a ring of resist corrosion (left blade hand)
Scrolls
 d - a scroll of enchant weapon {unknown}
 e - a scroll of noise {unknown}
 f - 2 scrolls of teleportation
 l - a scroll of immolation {unknown}
 n - 2 scrolls of summoning
 s - a scroll of enchant armour
 t - a scroll of torment {unknown}
 z - 2 scrolls of identify
 F - a scroll of fear
Potions
 h - 6 potions of mutation
 q - 2 potions of haste {unknown}
 r - a potion of flight {unknown}
 u - a potion of might {unknown}
 w - a potion of curing
 B - 2 potions of degeneration
 D - 3 potions of brilliance


   Skills:
 + Level 7.9 Fighting
 - Level 0.7 Throwing
 - Level 1.0 Armour
 + Level 8.6 Dodging
 + Level 7.9 Unarmed Combat
 + Level 6.3 Spellcasting
 + Level 5.0 Invocations


You couldn't memorise any spells.
You knew the following spells:

 Your Spells              Type           Power      Damage    Failure   Level
a - Blink                 Tloc           N/A        N/A       19%         2
b - Lesser Beckoning      Tloc           15%        N/A       26%         3
c - Gell's Gravitas       Tloc           15%        N/A       26%         3
d - Teleport Other        Tloc           31%        N/A       26%         3
e - Manifold Assault      Tloc           31%        N/A       71%         5
f - Shock                 Conj/Air       100%       1d9       16%         1
g - Wereblood             Tmut           31%        N/A       19%         2
h - Passwall              Tmut/Erth      25%        N/A       19%         2
i - Airstrike             Air            15%        N/A       45%         4
j - Blade Hands           Tmut           15%        N/A       71%         5
Your spell library was empty.

Dungeon Overview and Level Annotations

Branches:
Dungeon (8/15)             Temple (1/1) D:7
   Lair: D:8-11

Altars:
Cheibriados
Dithmenos
Elyvilon
Fedhas
Hepliaklqana
Kikubaaqudgha
Makhleb
Nemelex Xobeh
Okawaru
Ru
Sif Muna
Uskayaw
Vehumet
Wu Jian
Xom
Yredelemnul
Zin
The Shining One
Beogh

Shops:
D:8 (

Annotations:
D:3 1 runed translucent door, Crazy Yiuf
D:4 3 runed translucent doors, ew1980's ghost, novice GnFi
D:8 1 runed translucent door, Erica; RandomusNamus's ghost, novice GnWn


Innate Abilities, Weirdness & Mutations

You have blades for hands.
You are flying.
Your spellcasting is less reliable in this form.
You are incapable of wielding weapons or throwing items.
You are immune to sickness and miasma.
You are immune to poison.
Your flesh is very heat resistant. (rF++)
You are vulnerable to cold. (rC-)
You float through the air rather than walking.
You learn spells naturally, not from books.
Your magical power is your life essence.
You have superior vitality. (+4 HP)
You tend to lose your temper in combat.


Message History

Confirm with . or Enter, or press ? or * to list all spells.
Your hands turn into razor-sharp scythe blades.
The +3 whip of Disgust {venom, rF- rCorr Str+2 Int+2} melds into your body.
The +3 whip of Disgust {venom, rF- rCorr Str+2 Int+2} stops dripping with poison.
Unknown command.
You slice Erica!!
Erica is severely wounded.
Erica casts a spell at you. You resist with some effort.
You completely miss Erica.
Erica is severely wounded.
Erica casts a spell at you. The lance of force hits you.
You are knocked back by the lance of force.
You slam into the rock wall!
Erica hits you with a +2 scimitar of flaming.
You completely miss Erica.
Erica is severely wounded.
Erica casts a spell.
Erica flickers and vanishes!
Deactivating autopickup; reactivate with Ctrl-A.
You barely miss something.
Your transformation is almost over.
Something hits you!
* * * LOW HITPOINT WARNING * * *
You closely miss something. Something hits you!
* * * LOW HITPOINT WARNING * * *
You hit something. Something hits you!
* * * LOW HITPOINT WARNING * * *
You feel much better. Something hits you.
* * * LOW HITPOINT WARNING * * *
You barely miss something.
Unknown command.
You barely miss something. Something hits you!
* * * LOW HITPOINT WARNING * * *
Something burns you.
* * * LOW HITPOINT WARNING * * *
Unknown command.
You closely miss something. Something hits you!
You die...

#.##.<.###......# #.#
#.#####.#..###### #.# #.#
#.#.# #.# #.# ###.# #.# #.#
#+## #.# #.# #...## #.# ##
##.# ##.....## #.###. ##..#
##.......# #.....
####...####.@{......####...#.
##.........'.........+........
#........###........$####...##
#........# ##.......# ##.###
#........# ##.....## #####
##..♣..♣..# #...## ##.
#.....♣...# #+## ###.#
#....♣.♣..#######.# #...#
#...............#.# #.#.#


There were no monsters in sight!

Vanquished Creatures
  Gastronok (D:8)
  Joseph (D:7)
  Grinder (D:4)
  A water moccasin (D:6)
  An ice beast (D:8)
  3 black bears
  An orc warrior (D:6)
  2 sky beasts
  A necrophage (D:6)
  5 ogres
  4 centaurs
  A kobold brigand (D:8)
  3 bullfrogs
  4 gnoll sergeants
  3 scorpions
  3 water moccasin skeletons
  A wyvern skeleton (D:7)
  A howler monkey (D:4)
  A bullfrog zombie (D:7)
  2 centaur zombies
  4 jellies
  10 hounds
  A centaur skeleton (D:7)
  4 gnoll shamans
  2 orc priests
  6 iguanas
  Jessica (D:3)
  11 orc wizards
  2 hound skeletons (D:4)
  2 howler monkey skeletons
  7 adders
  23 gnolls
  A shadow imp (D:7)
  3 ufetubi
  A worm (D:4)
  5 dart slugs
  18 orcs
  4 bats
  6 endoplasms
  4 giant cockroaches
  8 goblins
  12 hobgoblins
  A jackal (D:1)
  16 kobolds
  2 quokkas
  5 ball pythons
  3 frilled lizards
  2 rats
204 creatures vanquished.

Vanquished Creatures (collateral kills)
  A kobold (D:4)
1 creature vanquished.

Vanquished Creatures (others)
  14 plants
  2 withered plants (D:8)
16 creatures vanquished.

Grand Total: 221 creatures vanquished

Notes
Turn   | Place    | Note
-------+----------+-------------------------------------------
     0 | D:1      | Shayle the Djinni Warper began the quest for the Orb.
     0 | D:1      | Reached XP level 1. HP: 18/18 MP: 0/0
     3 | D:1      | Noticed an electric eel
     4 | D:1      | Noticed an electric eel
    66 | D:1      | Reached XP level 2. HP: 21/23 MP: 0/0
   486 | D:1      | Found a faded altar of an unknown god.
   731 | D:1      | Reached XP level 3. HP: 24/29 MP: 0/0
   731 | D:1      | Learned a level 1 spell: Shock
  2046 | D:2      | Reached XP level 4. HP: 28/34 MP: 0/0
  2626 | D:3      | Reached skill level 3 in Dodging
  2823 | D:3      | Noticed Jessica
  2829 | D:3      | Killed Jessica
  2838 | D:3      | Reached XP level 5. HP: 35/40 MP: 0/0
  2838 | D:3      | Learned a level 2 spell: Wereblood
  3265 | D:3      | Found a runed translucent door.
  3266 | D:3      | Noticed Crazy Yiuf
  3313 | D:4      | Found a hide-covered altar of Uskayaw.
  3319 | D:4      | Found a basalt altar of Yredelemnul.
  3327 | D:4      | Noticed a black bear
  3339 | D:4      | Killed a black bear
  3340 | D:4      | Reached XP level 6. HP: 34/46 MP: 0/0
  3570 | D:4      | Noticed an ogre
  3591 | D:4      | Killed an ogre
  3592 | D:4      | Reached skill level 4 in Dodging
  3723 | D:4      | Reached XP level 7. HP: 44/51 MP: 0/0
  3723 | D:4      | Learned a level 2 spell: Passwall
  3957 | D:4      | Identified the +3 whip of Disgust {venom, rF- rCorr Str+2
                  | Int+2}
  4012 | D:4      | Noticed Grinder
  4064 | D:4      | Paralysed by Grinder for 3 turns
  4067 | D:4      | Killed Grinder
  4626 | D:4      | Found a runed translucent gate.
  4627 | D:4      | Found a runed translucent gate.
  4627 | D:4      | Noticed ew1980's ghost (novice GnFi)
  4628 | D:4      | Found a runed translucent gate.
  4632 | D:4      | Identified the +4 spear "Azureral" {holy, rF+}
  4632 | D:4      | Identified the +1 scale mail "Ligic" {rC+ rCorr Dex+2
                  | Stlth+}
  4907 | D:4      | Reached XP level 8. HP: 28/58 MP: 0/0
  4917 | D:4      | Reached skill level 5 in Dodging
  5436 | D:5      | Entered Level 5 of the Dungeon
  6944 | D:4      | Reached skill level 5 in Unarmed Combat
  6950 | D:5      | Reached skill level 5 in Fighting
  8018 | D:5      | Reached skill level 6 in Dodging
  8158 | D:5      | Reached XP level 9. HP: 60/65 MP: 0/0
  8158 | D:5      | Learned a level 4 spell: Airstrike
  8212 | D:5      | Found a shimmering altar of Xom.
  8213 | D:5      | Found a hazy altar of Hepliaklqana.
  8214 | D:5      | Noticed a spectral ugly thing
  8776 | D:6      | Identified a scroll of acquirement
  8776 | D:6      | Acquired a +0 helmet of intelligence
  8819 | D:7      | Found a staircase to the Ecumenical Temple.
  8825 | Temple   | Entered the Ecumenical Temple
  8846 | Temple   | Became a worshipper of Makhleb the Destroyer
  8955 | D:7      | Reached skill level 5 in Spellcasting
  8955 | D:7      | Reached skill level 1 in Invocations
 10366 | D:7      | Noticed Joseph
 10378 | D:7      | Killed Joseph
 10379 | D:7      | Reached skill level 7 in Dodging
 10673 | D:7      | Found a glowing golden altar of the Shining One.
 10718 | D:7      | Reached XP level 10. HP: 33/73 MP: 0/0
 11774 | D:6      | Reached * piety under Makhleb
 12759 | D:8      | Noticed Gastronok
 12786 | D:8      | Killed Gastronok
 12787 | D:8      | Reached skill level 8 in Dodging
 13007 | D:8      | Found Veeheas's Weapon Shop.
 13123 | D:8      | Found a runed translucent door.
 13581 | D:8      | Noticed RandomusNamus's ghost (novice GnWn)
 13602 | D:8      | Reached XP level 11. HP: 57/80 MP: 0/0
 13602 | D:8      | Learned a level 5 spell: Blade Hands
 13805 | D:8      | Reached ** piety under Makhleb
 14686 | D:8      | Reached skill level 5 in Invocations
 14838 | D:8      | Noticed Erica
 14842 | D:8      | Gained mutation: You tend to lose your temper in combat.
                  | [mutagenic glow]
 14851 | D:8      | HP: 4/81 [something (11)]
 14855 | D:8      | Slain by Erica

Illustrated notes

Levels and vault maps discovered:
D:1:      arrival_aquarium_b, layout_loops_ring,
          hellmonk_ecumenical_altar_lost_god, minmay_quantized
D:2:      minmay_chambers_of_ones, layout_basic, kennysheep_generic_room_11
D:3:      layout_loops_cross, uniq_jessica, uniq_crazy_yiuf_cottage
D:4:      minmay_inner_zag, layout_cave_pods,
          mainiacjoe_overflow_catwalk_spiral, biasface_ghost_orc_armoury,
          minmay_starry_boxes, uniq_grinder
D:5:      layout_cave_pools, regret_index_temple_of_mockery, serial_gnoll_camp,
          gnoll_camp_mini_house, gnoll_camp_mini_loothouse,
          gnoll_camp_mini_sergeant, gnoll_camp_mini_hut,
          amcnicky_mini_corridor_feature
D:6:      minmay_octagon_keep, layout_rooms, mainiacjoe_overflow_tiny_flanked,
          chequers_serial_rivers_marsh, minmay_door_square
D:7:      layout_rooms, tso_oasis_becter, minmay_temple_entry_hall, uniq_joseph
D:8:      kennysheep_housing_project, layout_loops_corners,
          kennysheep_little_box, serial_shops, nicolae_stop_n_shop_2,
          gammafunk_ghost_grave, chequers_garden, uniq_erica, uniq_gastronok
Temple:   eino_temple_lava

Skill      XL: |  1  2  3  4  5  6  7  8  9 10 11 |
---------------+----------------------------------+-----
Dodging        | 3 4 6 7 8 |  8.6
Spellcasting   | 3 4 5 6 |  6.3
Fighting       | 3 4 5 6 7 |  7.9
Unarmed Combat | 3 4 5 6 7 |  7.9
Invocations    | 2 4 5 |  5.0
Throwing       | |  0.7
Armour         | |  1.0

Action                   |  1- 3 |  4- 6 |  7- 9 | 10-12 || total
-------------------------+-------+-------+-------+-------++-------
Melee: Unarmed           |    72 |       |       |     9 ||    81
       Dagger            |       |    11 |     3 |       ||    14
       Punch             |       |     1 |     3 |    10 ||    14
       Whip              |       |       |   269 |   204 ||   473
 Cast: Shock             |    47 |    77 |    53 |       ||   177
       Wereblood         |       |       |     1 |       ||     1
       Blink             |       |       |     4 |     2 ||     6
       Teleport Other    |       |       |     2 |       ||     2
       Airstrike         |       |       |    26 |    56 ||    82
       Gell's Gravitas   |       |       |       |     9 ||     9
       Blade Hands       |       |       |       |     1 ||     1
Invok: Minor Destruction |       |       |       |     1 ||     1
Evoke: Wand              |       |       |       |     7 ||     7
  Use: Scroll            |       |     3 |    14 |     4 ||    21
       Potion            |       |       |     3 |     4 ||     7
 Stab: Sleeping          |       |       |     1 |       ||     1
Armor: Leather armour    |    28 |       |    52 |    67 ||   147
Dodge: Dodged            |    44 |    12 |   213 |   190 ||   459

Table legend: (Time is in decaauts)
 A = Elapsed time spent in this place.
 B = Non-inter-level travel time spent in this place.
 C = Inter-level travel time spent in this place.
 D = Time resting spent in this place.
 E = Time spent auto-exploring this place.
 F = Levels seen in this place.
 G = Mean time per level.
                   A        B        C        D        E       F      G
               +--------+--------+--------+--------+--------+-----+--------+
         Total |  14957 |  14480 |    477 |   4893 |   7065 |   9 | 1661.9 |
       Dungeon |  14926 |  14449 |    477 |   4893 |   7052 |   8 | 1865.8 |
        Temple |     30 |     30 |      0 |      0 |     13 |   1 |   30.0 |
               +--------+--------+--------+--------+--------+-----+--------+

Top non-repeatable levels by time:
     D:4: 3492 daAuts
     D:6: 2237 daAuts
     D:7: 2109 daAuts
     D:5: 1955 daAuts
     D:8: 1836 daAuts
     D:1: 1514 daAuts
     D:2: 1038 daAuts
     D:3: 742 daAuts
  Temple: 30 daAuts
